 Dungeon Crawl Stone Soup version 0.30-a0-760-g5a9884bb7c (webtiles) character file.

Game seed: 1695123046914507280

10 tilp the Covered (level 2, 0/26 HPs)
             Began as a Meteoran Fighter on Feb 11, 2023.
             Succumbed to a kobold's poison
             ... on level 1 of the Dungeon.
             The game lasted 00:00:36 (124 turns).

tilp the Covered (Meteoran Fighter)                  Turns: 124, Time: 00:00:37

Health: 0/26       AC:  7    Str: 17    XL:     2   Next: 47%
Magic:  3/3        EV:  9    Int:  9    God:
Gold:   5          SH:  5    Dex: 13    Spells: 1/1 levels left

rFire   . . .      SeeInvis .    a - +0 long sword
rCold   . . .      Faith    .    c - +0 buckler
rNeg    . . .      Spirit   .    b - +0 scale mail
rPois   .          Reflect  .    (no helmet)
rElec   .          Harm     .    (no cloak)
rCorr   .          Rampage  .    (no gloves)
Will    .....                    (no boots) Stlth
                                 (no amulet)
HPRegen 0.24/turn                (no ring)
MPRegen 0.08/turn                (no ring)

@: lethally poisoned (0 -> -25), glowing
A: sense surroundings 1, otherworldly, glowing, explore regen
a: no special abilities


You were on level 1 of the Dungeon.
You visited 1 branch of the dungeon, and saw 1 of its levels.

You collected 5 gold pieces.

Inventory:

Hand Weapons
 a - a +0 long sword (weapon)
Armour
 b - a +0 scale mail (worn)
 c - a +0 buckler (worn)
Scrolls
 e - a scroll of fear {unknown}
 f - a scroll of amnesia {unknown}
Potions
 d - a potion of might


   Skills:
 + Level 3.3 Fighting
 * Level 2.7 Long Blades
 + Level 3.7 Armour
 * Level 0.7 Dodging
 * Level 0.5 Stealth
 + Level 3.7 Shields


You had one spell level left.
You didn't know any spells.
Your spell library was empty.

Dungeon Overview and Level Annotations

Branches:
Dungeon (1/15) Zot: 464

Altars:


Innate Abilities, Weirdness & Mutations

You passively map a small area around you.
You are easily found by Zot.
You glow in the dark.
You regain HP and MP as you explore.


Message History

You see here a rat corpse.
Found a ring mail and a mace.
A bat comes into view.
Found 2 scrolls labelled PIELAY JECOTAU.
You block the bat's attack.
A bat comes into view.
You block the bat's attack.
You miss the bat. The bat hits you but does no damage. x3
You slash the bat!
You kill the bat!
The bat hits you but does no damage. x3
The bat completely misses you.
A kobold comes into view. It is wielding a +2 whip of venom.
Found a stone staircase leading down.
The kobold shouts!
The bat hits you but does no damage.
You hit the bat.
You kill the bat!
The kobold hits you but does no damage.
You are poisoned.
You closely miss the kobold.
You feel very sick. The kobold barely misses you.
You barely miss the kobold.
You feel sick.
The kobold hits you with a +2 whip of venom.
You are more poisoned.
You hit the kobold but do no damage.
You feel very sick. You block the kobold's attack.
The kobold hits you with a +2 whip of venom.
You are lethally poisoned!
You are too injured to fight recklessly!
You are too injured to fight recklessly!
You completely miss the kobold.
* * * LOW HITPOINT WARNING * * *
You feel very sick. The kobold hits you but does no damage.
You are more poisoned.
You barely miss the kobold.
You die...

#..............#*#.
##............####
,,
##..)............
#####...#...##** ,
#..........## ,
#......†....####.
**
#................ ,
#................
#........@K...... *
#................,
** *
#......?.........,
#................ *
................ ,
*...........>.... *
##...####...#...*
#... #####.. * *


You could see a kobold.

Vanquished Creatures
  2 hobgoblins (D:1)
  4 bats (D:1)
  2 frilled lizards (D:1)
  A kobold (D:1)
  3 rats (D:1)
12 creatures vanquished.

Notes
Turn   | Place    | Note
-------+----------+-------------------------------------------
     0 | D:1      | tilp the Meteoran Fighter began the quest for the Orb.
     0 | D:1      | Reached XP level 1. HP: 19/19 MP: 2/2
    65 | D:1      | Reached XP level 2. HP: 26/26 MP: 3/3
   124 | D:1      | Succumbed to a kobold's poison

Illustrated notes

Levels and vault maps discovered:
D:1:      spicycebolla_green_bress_n_ham, layout_rooms, amcnicky_mini_pool_small

Action                     || total
---------------------------++-------
  Melee: Long sword        ||    36
 Armour: Scale mail        ||    28
  Dodge: Dodged            ||    19
  Block: Buckler           ||    11

Table legend: (Time is in decaauts)
 A = Elapsed time spent in this place.
 B = Non-inter-level travel time spent in this place.
 C = Inter-level travel time spent in this place.
 D = Time resting spent in this place.
 E = Time spent auto-exploring this place.
 F = Levels seen in this place.
 G = Mean time per level.
                   A        B        C        D        E       F      G
               +--------+--------+--------+--------+--------+-----+--------+
         Total |    135 |    135 |      0 |      0 |      0 |   1 |  135.0 |
       Dungeon |    135 |    135 |      0 |      0 |      0 |   1 |  135.0 |
               +--------+--------+--------+--------+--------+-----+--------+

Top non-repeatable levels by time:
     D:1: 135 daAuts
